 Dungeon Crawl Stone Soup version 0.32-a0-898-g7811c86cf0 (webtiles) character file.

Game seed: 2173498296728789162

5353 pascalblue the Summoner (level 10, -10/50 HPs)
             Began as a Deep Elf Summoner on Apr 4, 2024.
             Mangled by a two-headed ogre
             ... wielding a +0 giant spiked club
              (29 damage)
             ... on level 9 of the Dungeon.
             The game lasted 00:47:46 (9227 turns).

pascalblue the Summoner (Deep Elf Summoner)         Turns: 9227, Time: 00:47:47

Health: -10/50     AC: 10    Str:  5    XL:     10   Next: 38%
Magic:  26/26      EV: 12    Int: 25    God:
Gold:   357        SH:  0    Dex: 15    Spells: 3/29 levels left

rFire   + . .        x - +3 short sword (spect)
rCold   x . .        (no shield)
rNeg    . . .        N - +2 robe {Will+}
rPois   .            (no helmet)
rElec   .            (no cloak)
rCorr   .            z - +0 pair of gloves
SInv    .            I - +0 pair of boots
Will    ++...        E - amulet of the acrobat
Stlth   ++           B - +4 ring of protection
HPRegen 0.28/turn    u - ring of fire
MPRegen 0.20/turn

%: acrobat
@: studying Staves
A: no striking features
a: Convert to Beogh


You were on level 9 of the Dungeon.
You visited 2 branches of the dungeon, and saw 10 of its levels.
You also visited: Sewer and Ossuary.

You collected 357 gold pieces.

Inventory:

Hand Weapons
 d - a +0 dagger
 s - a +0 short sword of venom
 x - a +3 spectral short sword (weapon)
Missiles
 L - 6 datura-tipped darts
Armour
 a - a +1 robe
 z - a +0 pair of gloves (worn)
 G - +0 steam dragon scales
 I - a +0 pair of boots (worn)
 N - a +2 robe of willpower (worn)
Magical Staves
 e - a staff of earth
Jewellery
 t - a +6 ring of strength
 u - a ring of fire (right hand)
 B - a +4 ring of protection (left hand)
 C - an amulet of reflection
 E - an amulet of the acrobat (around neck)
 K - a +6 ring of intelligence
Talismans
 h - a serpent talisman
Wands
 r - a wand of roots (11)
 v - a wand of flame (18)
 H - a wand of digging (7)
 J - a wand of paralysis (8)
 M - a wand of polymorph (8)
Scrolls
 c - 2 scrolls of teleportation
 m - 2 scrolls of blinking
 q - a scroll of noise
 y - a scroll of vulnerability {unknown}
 A - 2 scrolls of poison {unknown}
 F - a scroll of fog
Potions
 b - 2 potions of magic
 f - 2 potions of curing
 g - 2 potions of degeneration
 i - a potion of cancellation
 j - 7 potions of resistance
 k - 3 potions of brilliance
 l - a potion of invisibility
 n - 3 potions of mutation
 o - 2 potions of might
 p - 3 potions of haste {unknown}
 w - a potion of lignification {unknown}
 D - 3 potions of attraction {unknown}


   Skills:
 - Level 3.0 Dodging
 - Level 2.4 Stealth
 + Level 10.3 Spellcasting
 * Level 12.4 Summonings
 - Level 7.1 Necromancy
 + Level 4.1 Fire Magic
 - Level 7.0 Ice Magic
 + Level 4.1 Air Magic
 + Level 3.2 Alchemy


You had 3 spell levels left.
You knew the following spells:

 Your Spells              Type           Power      Damage    Failure   Level
a - Summon Small Mammal   Summ           100%       N/A       1%          1
b - Call Imp              Summ           100%       N/A       1%          2
c - Necrotise             Necr           100%       1d9       1%          1
d - Frozen Ramparts       Ice            94%        1d15      1%          3
e - Call Canine Familiar  Summ           66%        N/A       1%          3
f - Summon Lightning Spi  Summ/Air       53%        N/A       1%          4
g - Summon Blazeheart Go  Fire/Summ      69%        N/A       1%          4
h - Ozocubu's Armour      Ice            47%        N/A       1%          3
i - Sticky Flame          Fire/Alch      47%        2d9       11%         4
j - Sting                 Conj/Alch      84%        1d8       2%          1

Your spell library contained the following spells:

 Spells                   Type           Power      Damage    Failure   Level
 Apportation              Tloc           24%        N/A       4%          1
 Inner Flame              Hex/Fire       35%        N/A       6%          3
 Flame Wave               Conj/Fire      35%        2d10      21%         4
 Metabolic Englaciation   Hex/Ice        15%        N/A       30%         5


Dungeon Overview and Level Annotations

Branches:
Dungeon (9/15)             Temple (1/1) D:7           Sewer (visited)
Ossuary (visited)
   Lair: D:8-11         Orc: D:9-12

Altars:
Ashenzari
Cheibriados
Dithmenos
Elyvilon
Fedhas
Gozag
Hepliaklqana
Kikubaaqudgha
Makhleb
Nemelex Xobeh
Qazlal
Ru
Trog
Uskayaw
Wu Jian
Yredelemnul
Zin
The Shining One

Shops:
D:3 [


Message History

You hear some strange, mumbled words.
A magic dart appears from out of thin air!
The magic dart hits you.
Casting: Necrotise (safe; 1% risk of failure)
Confirm with . or Enter, or press ? or * to list all spells.
Aiming: Necrotise (safe; 1% risk of failure)
Press: ? - help, Shift-Dir - straight line Something writhes in agony.
Reactivating autopickup.
You feel a bit more experienced.
Things that are here:
a +2 dagger of protection; a +2 robe of willpower
N - a +2 robe of willpower You start removing your armour.
You continue removing your +0 steam dragon scales. x4
You finish removing your +0 steam dragon scales.
You start putting on your armour.
You continue putting on your +2 robe of willpower. x5
You finish putting on your +2 robe of willpower.
You feel strong-willed.
You start resting.
Your lightning spire disappears in a puff of smoke!
Your orc wizard skeleton crumbles into dust!
HP restored.
Magic restored.
Done exploring.
There is a stone staircase leading down, spattered with blood here.
You climb downwards.
The bullfrog misses you.
The two-headed ogre hits you with a +0 giant spiked club!!
The two-headed ogre barely misses you. The orc wizard casts a spell at you.
The magic dart hits you but does no damage.
The bullfrog barely misses you.
The orc priest invokes the aid of Beogh against you.
Beogh smites you!
There is a stone staircase leading up, spattered with blood here.
The bullfrog hits you.
The two-headed ogre hits you with a +0 giant spiked club!!
Ouch! That really hurt!
You die...

....# #...#
#...# .
#...####..
#.......
#.....
#.O.# #.@F#
#oo.#
.....#
.o.o....
.......####
..)....
.......
.c.....


You could see a two-headed ogre, a bullfrog, a centaur (wandering), 2 orc
priests, an orc wizard and an orc.

Vanquished Creatures
  Erica (D:8)
  3 yaks (D:8)
  2 steam dragons
  A water moccasin (D:6)
  An orc warrior (D:6)
  A phantom (D:7)
  2 killer bees (D:8)
  A hound (D:4)
  An orc wizard (D:8)
  3 adders
  5 river rats (Sewer)
  A white imp (D:8)
  A ribbon worm (D:4)
  10 orcs
  2 endoplasms
  A giant cockroach (D:1)
  3 goblins
  A hobgoblin (D:1)
  3 kobolds
  3 quokkas
  2 ball pythons (Sewer)
  5 frilled lizards
  7 rats
60 creatures vanquished.

Vanquished Creatures (collateral kills)
  A two-headed ogre (D:7)
  A gargoyle (D:8)
  2 yaks (D:8)
  2 wraiths (D:7)
  An orc warrior (D:8)
  A sky beast (D:6)
  An elf zombie (D:4)
  2 brain worms (Sewer)
  A kobold brigand (D:6)
  3 scorpions
  4 wights (Ossuary)
  A burial acolyte (Ossuary)
  3 killer bees (D:8)
  A bombardier beetle (D:4)
  3 hounds
  2 gnoll boudas
  An orc priest (D:8)
  2 human skeletons (D:4)
  2 jellies (D:6)
  4 iguanas
  5 orc wizards
  8 adders
  A river rat (Sewer)
  3 shadow imps
  2 white imps
  2 ufetubi (D:6)
  2 adder skeletons (Ossuary)
  A ribbon worm (D:5)
  17 orcs
  2 bats (D:1)
  6 endoplasms
  3 giant cockroaches
  9 goblins
  5 hobgoblins
  A jackal (D:3)
  5 quokkas
  6 ball pythons
  4 frilled lizards
  2 hobgoblin skeletons (Ossuary)
  11 kobolds
  2 kobold skeletons (Ossuary)
  4 orc skeletons
  An orc zombie (D:4)
  7 rats
147 creatures vanquished.

Grand Total: 207 creatures vanquished

Notes
Turn   | Place    | Note
-------+----------+-------------------------------------------
     0 | D:1      | pascalblue the Deep Elf Summoner began the quest for the
                  | Orb.
     0 | D:1      | Reached XP level 1. HP: 10/10 MP: 6/6
   154 | D:1      | Reached XP level 2. HP: 15/15 MP: 6/8
   189 | D:1      | Reached skill level 5 in Summonings
   267 | D:1      | Learned a level 2 spell: Call Imp
   630 | D:1      | Found a faded altar of an unknown god.
   630 | D:1      | Noticed a soul eater
   633 | D:1      | Learned a level 1 spell: Necrotise
   705 | D:1      | Reached XP level 3. HP: 19/19 MP: 6/9
  1002 | D:2      | You fall into a shaft and drop 1 floor!
  1048 | D:3      | Learned a level 3 spell: Frozen Ramparts
  1146 | D:3      | Reached XP level 4. HP: 16/24 MP: 4/11
  1215 | D:3      | Found an ancient bone altar of Kikubaaqudgha.
  1249 | D:3      | Found a glowing drain.
  1271 | Sewer    | Entered a sewer
  1403 | Sewer    | Noticed a brain worm
  1413 | Sewer    | Killed a brain worm
  1414 | Sewer    | Reached skill level 1 in Necromancy
  1414 | Sewer    | Reached skill level 1 in Ice Magic
  1414 | Sewer    | Reached XP level 5. HP: 16/28 MP: 4/13
  1506 | Sewer    | Reached skill level 6 in Summonings
  1981 | Sewer    | Reached XP level 6. HP: 18/32 MP: 5/15
  2063 | Sewer    | Reached skill level 10 in Summonings
  2063 | Sewer    | Reached XP level 7. HP: 36/36 MP: 16/21
  2068 | Sewer    | Learned a level 3 spell: Call Canine Familiar
  2073 | Sewer    | Learned a level 4 spell: Summon Lightning Spire
  2078 | Sewer    | Learned a level 4 spell: Summon Blazeheart Golem
  2284 | D:3      | Found Wacvuton's Armour Shop.
  2772 | D:3      | Learned a level 3 spell: Ozocubu's Armour
  3262 | D:4      | Found a sand-covered staircase.
  3276 | D:4      | Reached skill level 11 in Summonings
  3303 | Ossuary  | Entered an ossuary
  3407 | Ossuary  | Reached skill level 1 in Fire Magic
  3407 | Ossuary  | Reached skill level 1 in Air Magic
  3415 | Ossuary  | Reached XP level 8. HP: 13/39 MP: 17/22
  4303 | D:4      | Found a glowing silver altar of Zin.
  4303 | D:4      | Noticed an angel
  4392 | D:4      | Found a broken altar of Ashenzari.
  4727 | D:5      | Entered Level 5 of the Dungeon
  4737 | D:5      | Found an opulent altar of Gozag.
  5026 | D:5      | Identified the +7 rapier of Callousness {speed, MP+9 Int+2}
  5187 | D:5      | Found a burning altar of Makhleb.
  5227 | D:5      | Found a blossoming altar of Fedhas.
  5501 | D:5      | Found a white marble altar of Elyvilon.
  6516 | D:6      | HP: 2/41 [orc warrior/+0 mace (14)]
  6525 | D:6      | Reached XP level 9. HP: 32/45 MP: 11/24
  6793 | D:6      | Learned a level 4 spell: Sticky Flame
  6860 | D:7      | Found a staircase to the Ecumenical Temple.
  6860 | D:7      | Noticed a two-headed ogre
  6874 | D:7      | Killed a two-headed ogre
  6875 | D:7      | Reached skill level 1 in Alchemy
  7327 | Temple   | Entered the Ecumenical Temple
  8232 | D:8      | Noticed Erica
  8245 | D:8      | Killed Erica
  8246 | D:8      | Reached skill level 10 in Spellcasting
  8246 | D:8      | Reached skill level 12 in Summonings
  8246 | D:8      | Reached XP level 10. HP: 50/50 MP: 21/26
  8359 | D:8      | Found a sparkling altar of Nemelex Xobeh.
  8694 | D:8      | Noticed a gargoyle
  8727 | D:8      | Killed a gargoyle
  8851 | D:8      | Learned a level 1 spell: Sting
  9070 | D:9      | Noticed a two-headed ogre
  9227 | D:9      | Mangled by a two-headed ogre

Illustrated notes

Levels and vault maps discovered:
D:1:      saegor_arrival_simple_e, layout_loops_ring,
          dreamdust_ecumenical_altar_sealed_demon,
          minmay_misc_feat_secret_circle
D:2:      layout_basic, roderic_roman_lattice, roderic_serpentine_path,
          uniq_jessica
D:3:      layout_loops_ring, lemuel_doored_altar,
          nicolae_overflow_hidden_temple, serial_shops,
          nicolae_shop_hallway_stairs, portal_sewer_entry_f, minmay_circle_x
D:4:      layout_cave_pods, nicolae_ashenzari_panopticon, zin_angel,
          nicolae_ossuary_entry_catacombs, serial_co_window_serial,
          co_window_corner_a, co_window_paths_a, co_window_paths_b,
          co_window_paths_a, co_window_of_opportunity_a, co_window_broadway_a,
          co_window_corner_b, co_window_paths_c, co_window_corner_b,
          co_window_4corner_b, co_window_4corner_a, glass_columns_b,
          glass_columns_a, glass_columns_c, glass_columns_c
D:5:      layout_basic, fedhas_ov_isle_minmay, elyvilon_altar_1,
          grunt_gozag_statues, lightli_temple_of_fire, corexii_shack
D:6:      layout_loops_cross
D:7:      layout_gridville, minmay_temple_entry_stoned_glass,
          minmay_manual_monstrance
D:8:      layout_loops_ring, mainiacjoe_overflow_surrounded_room,
          dreamdust_gnoll_shepherd, uniq_erica
D:9:      gammafunk_boulding_lane, layout_small_grid, kennysheep_mini_moat,
          hellmonk_sif_muna_bookshelves, nicolae_fountain_basement, uniq_harold
Temple:   eino_wide_crystal_templ

Skill      XL: |  1  2  3  4  5  6  7  8  9 10 |
---------------+-------------------------------+-----
Summonings     | 5 6 10 11 12 | 12.4
Dodging        | 3 |  3.0
Spellcasting   | 4 8 9 10 | 10.3
Necromancy     | 1 2 7 |  7.1
Ice Magic      | 1 2 6 7 |  7.0
Fire Magic     | 1 2 3 4 |  4.1
Air Magic      | 1 2 3 4 |  4.1
Alchemy        | 2 3 |  3.2
Stealth        | |  2.4

Action                     |  1- 3 |  4- 6 |  7- 9 | 10-12 || total
---------------------------+-------+-------+-------+-------++-------
  Melee: Dagger            |    20 |    49 |     6 |       ||    75
         Short sword       |       |       |    61 |       ||    61
   Cast: Summon Small Mamm |    28 |    14 |    72 |     1 ||   115
         Call Imp          |     6 |    12 |    60 |     2 ||    80
         Necrotise         |     8 |    20 |    35 |    16 ||    79
         Call Canine Famil |       |       |    33 |     2 ||    35
         Frozen Ramparts   |       |       |     2 |     5 ||     7
         Summon Blazeheart |       |       |     5 |     1 ||     6
         Summon Lightning  |       |       |     3 |    14 ||    17
         Ozocubu's Armour  |       |       |       |     1 ||     1
    Use: Scroll            |     3 |     2 |    15 |       ||    20
         Potion            |       |     1 |     2 |     2 ||     5
   Stab: Sleeping          |       |     1 |       |       ||     1
         Distracted        |       |       |     4 |       ||     4
 Armour: Robe              |    17 |    33 |   120 |     4 ||   174
         Steam dragon scal |       |       |     4 |    26 ||    30
  Dodge: Dodged            |    20 |    61 |   106 |    40 ||   227

Table legend: (Time is in decaauts)
 A = Elapsed time spent in this place.
 B = Non-inter-level travel time spent in this place.
 C = Inter-level travel time spent in this place.
 D = Time resting spent in this place.
 E = Time spent auto-exploring this place.
 F = Levels seen in this place.
 G = Mean time per level.
                   A        B        C        D        E       F      G
               +--------+--------+--------+--------+--------+-----+--------+
         Total |   9263 |   9123 |    140 |    417 |   6299 |  12 |  771.9 |
       Dungeon |   7964 |   7824 |    140 |    252 |   5699 |   9 |  884.9 |
        Temple |     19 |     19 |      0 |      0 |      0 |   1 |   19.0 |
         Sewer |    852 |    852 |      0 |     67 |    494 |   1 |  852.0 |
       Ossuary |    426 |    426 |      0 |     98 |    106 |   1 |  426.0 |
               +--------+--------+--------+--------+--------+-----+--------+

Top non-repeatable levels by time:
     D:4: 1521 daAuts
     D:8: 1199 daAuts
     D:7: 1168 daAuts
     D:6: 1118 daAuts
     D:1: 1000 daAuts
     D:5: 988 daAuts
     D:3: 957 daAuts
   Sewer: 852 daAuts
 Ossuary: 426 daAuts
  Temple: 19 daAuts
     D:9: 8 daAuts
     D:2: 0 daAuts
